[ AOE2 MATCH · #505871649 ]
UnrankedBengalis vs Khitans
Player's team · LOSS
Rival team · WIN
[ REPLAY ANALYSIS · EXTRACTED FROM THE RECORDED GAME ]
Feudal
13:41
Castle
18:08
Imperial
41:20
| APM avg | 42.8 |
| APM peak | 82 |
| eAPM avg | 22.0 |
| Villagers / military | 164 / 155 |
Focus
⚔️ 35.5% · 🌾 64.5%
Ratha (Ranged) ×141 · Monk ×4 · Militia ×4 · Spearman ×3 · Trebuchet (Packed) ×3
Feudal
9:00
Castle
19:17
Imperial
36:22
| APM avg | 73.7 |
| APM peak | 122 |
| eAPM avg | 32.8 |
| Villagers / military | 184 / 195 |
Focus
⚔️ 27.5% · 🌾 72.5%
Camel Scout ×126 · Scout Cavalry ×51 · Monk ×6 · Iron Pagoda ×4 · Trebuchet (Packed) ×4 · Steppe Lancer ×3
Match map
Initial resources + every placement click. Lines = walls · curves = elevation contours. ◆ gold · ⬟ stone · ● berries · ✦ relic · ◌ wall gap
Your base· Open — unwalled flank
TUAN's base· ✓ Closed at 19:17 · 21t walls · no gate
Smoothed initial terrain · ◌ = detected wall gap · hover for details
Inputs per minute
— french drush - - TUAN
Build order — french drush
First 150 of 471 actions detected
| 0:00 | Create | Villager (Male) |
| 0:01 | Create | Villager (Male) |
| 0:02 | Build | House |
| 0:03 | Build | House |
| 0:09 | Create | Villager (Male) |
| 0:09 | Create | Villager (Male) |
| 1:24 | Create | Villager (Male) |
| 1:24 | Create | Villager (Male) |
| 2:02 | Create | Villager (Male) |
| 2:21 | Create | Villager (Male) |
| 2:53 | Create | Villager (Male) |
| 2:53 | Create | Villager (Male) |
| 3:09 | Build | Barracks |
| 3:16 | Create | Villager (Male) |
| 3:17 | Create | Villager (Male) |
| 3:31 | Create | Villager (Male) |
| 3:56 | Create | Villager (Male) |
| 3:58 | Build | House |
| 4:06 | Create | Militia |
| 4:13 | Create | Villager (Male) |
| 4:20 | Build | House |
| 4:34 | Create | Militia |
| 4:57 | Create | Villager (Male) |
| 4:58 | Create | Militia |
| 5:24 | Create | Militia |
| 5:25 | Create | Villager (Male) |
| 5:25 | Create | Villager (Male) |
| 5:41 | Build | Lumber Camp |
| 6:16 | Create | Villager (Male) |
| 6:29 | Build | House |
| 6:31 | Create | Villager (Male) |
| 6:38 | Create | Villager (Male) |
| 7:14 | Create | Villager (Male) |
| 7:45 | Build | Mill |
| 7:54 | Create | Villager (Male) |
| 8:01 | Research | Loom |
| 8:17 | Build | Palisade Wall |
| 8:20 | Build | Farm |
| 8:21 | Build | Farm |
| 8:35 | Create | Villager (Male) |
| 8:46 | Create | Villager (Male) |
| 8:53 | Build | Mining Camp |
| 9:04 | Build | Farm |
| 9:19 | Build | House |
| 9:20 | Build | House |
| 9:22 | Create | Villager (Male) |
| 9:40 | Build | Farm |
| 9:52 | Create | Villager (Male) |
| 9:56 | Build | Palisade Wall |
| 9:57 | Build | Palisade Wall |
| 10:01 | Build | Palisade Wall |
| 10:06 | Build | Palisade Wall |
| 10:08 | Build | Palisade Wall |
| 10:30 | Create | Villager (Male) |
| 10:33 | Build | Farm |
| 10:37 | Build | Farm |
| 10:49 | Create | Villager (Male) |
| 11:06 | Build | Farm |
| 11:31 | Research | Feudal Age |
| 11:31 | Research | Feudal Age |
| 11:36 | Build | Farm |
| 11:47 | Build | Palisade Wall |
| 11:48 | Build | Palisade Wall |
| 11:49 | Build | Palisade Wall |
| 11:50 | Build | Palisade Wall |
| 11:51 | Build | Palisade Wall |
| 12:04 | Build | Farm |
| 12:06 | Build | Farm |
| 12:18 | Build | Farm |
| 12:52 | Create | Villager (Male) |
| 13:14 | Build | House |
| 13:41 | Age | Feudal Age |
| 13:42 | Create | Spearman |
| 13:42 | Create | Spearman |
| 13:44 | Build | Market |
| 13:56 | Build | House |
| 14:02 | Create | Villager (Male) |
| 14:23 | Build | Blacksmith |
| 14:32 | Create | Villager (Male) |
| 14:55 | Create | Villager (Male) |
| 15:01 | Build | Farm |
| 15:28 | Research | Castle Age |
| 15:28 | Research | Castle Age |
| 15:44 | Build | House |
| 15:49 | Build | Palisade Wall |
| 16:03 | Create | Spearman |
| 16:17 | Research | Double-Bit Axe |
| 16:18 | Research | Horse Collar |
| 17:33 | Create | Villager (Male) |
| 18:08 | Age | Castle Age |
| 18:11 | Build | Castle |
| 18:13 | Build | Mining Camp |
| 18:16 | Create | Villager (Male) |
| 18:32 | Build | Monastery |
| 18:46 | Create | Villager (Male) |
| 19:04 | Create | Villager (Male) |
| 19:11 | Build | Town Center |
| 19:15 | Create | Villager (Male) |
| 19:24 | Build | Palisade Wall |
| 19:29 | Create | Villager (Male) |
| 19:34 | Build | Farm |
| 19:39 | Create | Villager (Male) |
| 19:52 | Create | Ratha (Ranged) |
| 19:57 | Create | Monk |
| 19:58 | Create | Villager (Male) |
| 20:03 | Create | Villager (Male) |
| 20:08 | Create | Ratha (Ranged) |
| 20:27 | Create | Villager (Male) |
| 20:37 | Create | Villager (Male) |
| 20:49 | Create | Ratha (Ranged) |
| 20:50 | Create | Villager (Male) |
| 20:56 | Create | Ratha (Ranged) |
| 21:02 | Create | Villager (Male) |
| 21:02 | Create | Villager (Male) |
| 21:06 | Create | Villager (Male) |
| 21:15 | Research | Bow Saw |
| 21:16 | Create | Villager (Male) |
| 21:40 | Create | Villager (Male) |
| 21:43 | Create | Monk |
| 21:52 | Create | Villager (Male) |
| 21:54 | Build | Stable |
| 22:20 | Create | Villager (Male) |
| 22:30 | Build | Town Center |
| 22:33 | Create | Ratha (Ranged) |
| 22:39 | Create | Villager (Male) |
| 22:56 | Create | Villager (Male) |
| 23:01 | Create | Ratha (Ranged) |
| 23:01 | Create | Ratha (Ranged) |
| 23:10 | Create | Villager (Male) |
| 23:20 | Create | Villager (Male) |
| 23:30 | Create | Ratha (Ranged) |
| 23:31 | Create | Villager (Male) |
| 23:37 | Build | Farm |
| 23:39 | Build | Farm |
| 23:41 | Create | Ratha (Ranged) |
| 23:57 | Create | Villager (Male) |
| 23:58 | Create | Ratha (Ranged) |
| 24:13 | Create | Ratha (Ranged) |
| 24:16 | Create | Villager (Male) |
| 24:16 | Create | Villager (Male) |
| 24:17 | Create | Villager (Male) |
| 24:22 | Build | Farm |
| 24:24 | Build | Farm |
| 24:32 | Create | Villager (Male) |
| 24:45 | Build | Farm |
| 24:47 | Create | Ratha (Ranged) |
| 24:51 | Create | Villager (Male) |
| 25:01 | Create | Villager (Male) |
| 25:03 | Create | Ratha (Ranged) |
| 25:08 | Build | Palisade Wall |
Build order — TUAN
First 150 of 520 actions detected
| 0:01 | Create | Villager (Male) |
| 0:01 | Create | Villager (Male) |
| 0:01 | Create | Villager (Male) |
| 0:01 | Create | Villager (Male) |
| 0:02 | Build | House |
| 0:03 | Build | House |
| 1:25 | Create | Villager (Male) |
| 1:25 | Create | Villager (Male) |
| 1:49 | Create | Villager (Male) |
| 1:50 | Create | Villager (Male) |
| 2:13 | Build | Lumber Camp |
| 2:25 | Create | Villager (Male) |
| 2:26 | Create | Villager (Male) |
| 2:47 | Create | Villager (Male) |
| 2:48 | Create | Villager (Male) |
| 3:02 | Create | Villager (Male) |
| 3:02 | Create | Villager (Male) |
| 3:27 | Create | Villager (Male) |
| 3:47 | Create | Villager (Male) |
| 3:48 | Build | House |
| 3:49 | Build | House |
| 4:11 | Create | Villager (Male) |
| 4:30 | Create | Villager (Male) |
| 4:47 | Build | Mill |
| 4:49 | Build | Palisade Wall |
| 5:12 | Create | Villager (Male) |
| 5:13 | Create | Villager (Male) |
| 5:13 | Create | Villager (Male) |
| 5:19 | Research | Loom |
| 6:13 | Create | Villager (Male) |
| 6:50 | Research | Feudal Age |
| 7:17 | Create | Villager (Male) |
| 7:37 | Build | Barracks |
| 7:53 | Build | Palisade Wall |
| 8:12 | Build | Palisade Wall |
| 8:13 | Build | Palisade Wall |
| 8:16 | Build | House |
| 8:23 | Create | Villager (Male) |
| 9:00 | Age | Feudal Age |
| 9:01 | Build | Stable |
| 9:05 | Research | Double-Bit Axe |
| 9:20 | Build | House |
| 9:29 | Create | Villager (Male) |
| 9:44 | Create | Scout Cavalry |
| 9:44 | Create | Scout Cavalry |
| 9:48 | Build | House |
| 10:06 | Build | Pasture |
| 10:07 | Create | Villager (Male) |
| 10:09 | Create | Scout Cavalry |
| 10:20 | Build | House |
| 10:35 | Build | Mill |
| 10:42 | Create | Villager (Male) |
| 11:01 | Build | Pasture |
| 11:06 | Create | Villager (Male) |
| 11:30 | Create | Villager (Male) |
| 11:34 | Build | House |
| 11:38 | Build | House |
| 11:50 | Research | Tech 1014 |
| 11:50 | Research | Tech 1014 |
| 11:52 | Create | Villager (Male) |
| 12:08 | Build | Palisade Wall |
| 12:13 | Create | Villager (Male) |
| 12:28 | Create | Villager (Male) |
| 12:32 | Build | Pasture |
| 13:02 | Build | Pasture |
| 13:04 | Create | Villager (Male) |
| 13:28 | Create | Villager (Male) |
| 13:31 | Build | Pasture |
| 13:48 | Create | Villager (Male) |
| 13:59 | Build | Mining Camp |
| 14:06 | Create | Villager (Male) |
| 14:11 | Build | House |
| 14:12 | Build | House |
| 14:32 | Build | Pasture |
| 14:48 | Build | Pasture |
| 14:54 | Create | Villager (Male) |
| 14:57 | Build | House |
| 15:18 | Build | Pasture |
| 15:20 | Create | Villager (Male) |
| 15:24 | Build | House |
| 15:45 | Create | Villager (Male) |
| 16:01 | Build | Blacksmith |
| 16:06 | Create | Villager (Male) |
| 16:14 | Create | Scout Cavalry |
| 16:26 | Create | Scout Cavalry |
| 16:37 | Research | Castle Age |
| 16:37 | Research | Castle Age |
| 16:38 | Research | Castle Age |
| 16:47 | Build | Lumber Camp |
| 16:57 | Research | Forging |
| 17:08 | Create | Scout Cavalry |
| 17:10 | Create | Villager (Male) |
| 17:34 | Create | Scout Cavalry |
| 17:44 | Build | Stable |
| 17:49 | Research | Scale Barding Armor |
| 17:53 | Create | Scout Cavalry |
| 18:09 | Build | House |
| 18:13 | Create | Scout Cavalry |
| 18:29 | Create | Scout Cavalry |
| 18:34 | Build | House |
| 18:36 | Build | House |
| 18:38 | Build | Palisade Wall |
| 18:42 | Create | Scout Cavalry |
| 18:42 | Create | Scout Cavalry |
| 18:53 | Build | Palisade Wall |
| 19:12 | Create | Villager (Male) |
| 19:17 | Age | Castle Age |
| 19:20 | Research | Light Cavalry (upgrade) |
| 19:38 | Create | Villager (Male) |
| 19:49 | Build | Siege Workshop |
| 19:51 | Create | Scout Cavalry |
| 19:51 | Create | Scout Cavalry |
| 20:03 | Research | Iron Casting |
| 20:09 | Build | Lumber Camp |
| 20:10 | Create | Villager (Male) |
| 20:34 | Create | Villager (Male) |
| 20:45 | Create | Villager (Male) |
| 20:55 | Create | Villager (Male) |
| 21:06 | Build | Town Center |
| 21:07 | Create | Villager (Male) |
| 21:24 | Build | Palisade Gate |
| 21:40 | Build | Siege Workshop |
| 21:41 | Create | Villager (Male) |
| 21:42 | Create | Scout Cavalry |
| 21:42 | Create | Scout Cavalry |
| 21:46 | Research | Bow Saw |
| 21:46 | Research | Bow Saw |
| 21:56 | Build | Pasture |
| 22:05 | Create | Villager (Male) |
| 22:20 | Research | Husbandry |
| 22:32 | Create | Battering Ram |
| 22:46 | Create | Villager (Male) |
| 22:56 | Build | Monastery |
| 23:04 | Create | Scout Cavalry |
| 23:05 | Create | Scout Cavalry |
| 23:13 | Build | Pasture |
| 23:16 | Create | Villager (Male) |
| 23:30 | Create | Villager (Male) |
| 23:30 | Create | Villager (Male) |
| 23:40 | Build | Pasture |
| 23:45 | Create | Villager (Male) |
| 23:45 | Create | Villager (Male) |
| 23:48 | Build | Pasture |
| 23:51 | Create | Villager (Male) |
| 23:59 | Create | Monk |
| 23:59 | Create | Monk |
| 24:01 | Build | Outpost |
| 24:02 | Create | Villager (Male) |
| 24:02 | Create | Villager (Male) |
| 24:08 | Build | House |
Match timeline
| 3:09 | french drush · first_building Barracks |
| 4:49 | TUAN · wall_segment Palisade Wall x1 |
| 7:37 | TUAN · first_building Barracks |
| 7:53 | TUAN · wall_segment Palisade Wall x1 |
| 8:12 | TUAN · wall_segment Palisade Wall x1 |
| 8:13 | TUAN · wall_segment Palisade Wall x1 |
| 8:17 | french drush · wall_segment Palisade Wall x1 |
| 9:00 | TUAN · age_up feudal |
| 9:01 | TUAN · first_building Stable |
| 9:56 | french drush · wall_segment Palisade Wall x1 |
| 9:57 | french drush · wall_segment Palisade Wall x1 |
| 10:01 | french drush · wall_segment Palisade Wall x1 |
| 10:06 | french drush · wall_segment Palisade Wall x6 |
| 10:08 | french drush · wall_segment Palisade Wall x6 |
| 11:47 | french drush · wall_segment Palisade Wall x1 |
| 11:48 | french drush · wall_segment Palisade Wall x1 |
| 11:49 | french drush · wall_segment Palisade Wall x1 |
| 11:50 | french drush · wall_segment Palisade Wall x1 |
| 11:51 | french drush · wall_segment Palisade Wall x1 |
| 12:08 | TUAN · wall_segment Palisade Wall x4 |
| 13:41 | french drush · age_up feudal |
| 15:05 | french drush · first_market_sell 100 stone |
| 15:07 | french drush · first_market_buy 100 food |
| 15:49 | french drush · wall_segment Palisade Wall x1 |
| 18:08 | french drush · age_up castle |
| 18:11 | french drush · first_building Castle |
| 18:32 | french drush · first_building Monastery |
| 18:38 | TUAN · wall_segment Palisade Wall x2 |
| 18:53 | TUAN · wall_segment Palisade Wall x11 |
| 19:17 | TUAN · age_up castle |
| 19:24 | french drush · wall_segment Palisade Wall x1 |
| 19:49 | TUAN · first_building Siege Workshop |
| 21:54 | french drush · first_building Stable |
| 22:56 | TUAN · first_building Monastery |
| 25:08 | french drush · wall_segment Palisade Wall x1 |
| 27:52 | TUAN · wall_segment Stone Wall x1 |
| 27:53 | TUAN · wall_segment Stone Wall x1 |
| 27:55 | TUAN · wall_segment Stone Wall x1 |
| 32:03 | TUAN · first_building Castle |
| 32:56 | french drush · wall_segment Palisade Wall x1 |
| 33:02 | TUAN · first_market_sell 100 food |
| 35:07 | TUAN · first_market_buy 100 stone |
| 36:22 | TUAN · age_up imperial |
| 38:32 | TUAN · wall_segment Stone Wall x10 |
| 40:32 | TUAN · wall_segment Stone Wall x1 |
| 41:20 | french drush · age_up imperial |
| 44:53 | TUAN · first_building Archery Range |
| 47:20 | french drush · resign |
[ AI ANALYSIS · 1 CREDIT ]
What really happened in this match?
Wolo.gg analyzes every decision: build order, eco, micro, common mistakes by bracket. Personalized analysis on WhatsApp or Discord in 30 seconds.
Civ guide
Bengalis
Perfil
Jugador #21469300